 Dungeon Crawl Stone Soup version 0.19.4-8-ga85b6b9 (webtiles) character file.

33136 Jerry the Severer (level 13, -7/119 HPs)
             Began as a Hill Orc Fighter on Feb 11, 2017.
             Was an Initiate of Gozag.
             Mangled by an orc knight
             ... wielding a +3 long sword
              (15 damage)
             ... on level 13 of the Dungeon.
             The game lasted 00:42:43 (16815 turns).

Jerry the Severer (Hill Orc Fighter)               Turns: 16815, Time: 00:42:44

Health: -7/119     AC: 20    Str: 26      XL:     13   Next: 69%
Magic:  13/13      EV: 13    Int:  9 (10) God:    Gozag
Gold:   1792       SH:  0    Dex: 12      Spells: 0 memorised, 12 levels left

rFire  + . .     SeeInvis .     K - +2 war axe of Amorality {chop, Str+4 Dex+2}
rCold  . . .     Gourm    .     s - +3 chain mail {rF+}
rNeg   . . .     Faith    .     (no shield)
rPois  +         Spirit   .     z - +1 hat
rElec  .         Reflect  .     k - +0 cloak
rCorr  .         Harm     .     u - +0 pair of gloves
MR     +....                    c - +0 pair of boots
Stlth  ..........               (no amulet)
                                O - ring of poison resistance
                                p - ring of protection from magic

@: about to teleport, gold aura, very slightly contaminated, hasted, very quick
A: deterioration 1, subdued magic 1, sturdy frame 1
a: Potion Petition, Call Merchant, Bribe Branch, Renounce Religion


You were on level 13 of the Dungeon.
You worshipped Gozag.
Gozag was most pleased with you.
You were not hungry.

You visited 2 branches of the dungeon, and saw 14 of its levels.
You also visited: Sewer.

You collected 3157 gold pieces.
You spent 39 gold pieces at shops.
You paid 1326 gold pieces to Gozag.

Inventory:

Hand Weapons
 e - a +2 halberd of flaming
 y - a +3 hand axe of draining
 K - the +2 war axe of Amorality (weapon) {chop, Str+4 Dex+2}
   (You found it on level 8 of the Dungeon)

   It inflicts extra damage upon your enemies.
   It affects your strength (+4).
   It affects your dexterity (+2).
Armour
 c - a +0 pair of boots (worn)
 k - a +0 cloak (worn)
 s - a +3 chain mail of fire resistance (worn)
 u - a +0 pair of gloves (worn)
 z - a +1 hat (worn)
Jewellery
 a - an uncursed ring of ice
 o - an uncursed ring of see invisible
 p - a ring of protection from magic (left hand)
 O - a ring of poison resistance (right hand)
Wands
 b - a wand of enslavement (17/24)
 E - a wand of paralysis (24/24)
 H - a wand of paralysis (10/24)
 I - a wand of lightning (5/15)
Scrolls
 h - 6 scrolls of teleportation
 j - 2 scrolls of fog
 m - 4 scrolls of enchant weapon
 q - 3 scrolls of amnesia
 t - 4 scrolls of recharging
 w - 3 scrolls of magic mapping
 B - 7 scrolls of identify
 D - 3 scrolls of fear
 J - a scroll of vulnerability
Potions
 d - 2 potions of might
 i - 5 potions of curing
 l - 2 potions of haste
 r - 3 potions of cure mutation
 v - a potion of berserk rage {unknown}
 x - 2 potions of brilliance
 A - a potion of magic
 C - 2 potions of invisibility {unknown}
 F - a potion of beneficial mutation {unknown}
 M - a potion of flight
Comestibles
 f - 5 bread rations
 g - 4 meat rations
 n - 7 fruits


   Skills:
 + Level 12.7 Fighting
 * Level 17.7 Axes
 + Level 11.7 Armour
 + Level 8.7 Dodging
   Level 3.2 Shields


You had 12 spell levels left.
You didn't know any spells.

Dungeon Overview and Level Annotations

Branches:
Dungeon (13/15)            Temple (1/1) D:6            Lair (0/6) D:10
    Orc (0/2) D:12
 Vaults: D:13-14

Altars:
Ashenzari
Cheibriados
Dithmenos
Elyvilon
Fedhas
Gozag
Hepliaklqana
Kikubaaqudgha
Makhleb
Nemelex Xobeh
Okawaru
Qazlal
Ru
Sif Muna
Trog
Uskayaw
Vehumet
Xom
Yredelemnul
Zin
The Shining One

Shops:
D:7 [   D:9 *   D:11 *(

Annotations:
D:8 4 runed doors


Innate Abilities, Weirdness & Mutations

Your body sometimes deteriorates upon taking damage.
Your spells are a little easier to cast, but a little less powerful.
Your movements are slightly less encumbered by armour. (ER -2)


Message History

* * * LOW HITPOINT WARNING * * *
You feel yourself speed up.
The large slime creature barely misses you.
You are very lightly contaminated with residual magic.
You slash the large slime creature!
The large slime creature is almost dead.
You slice the large slime creature!!
You kill the large slime creature!
You closely miss the orc knight. You slash the large slime creature!
The large slime creature is lightly wounded.
You hit the orc knight but do no damage.
You hit the large slime creature.
The large slime creature is moderately wounded.
You hit the orc knight but do no damage.
The orc knight unwields an uncursed arbalest.
The orc knight wields an uncursed enchanted long sword.
The orc knight hits you with an uncursed enchanted long sword!
You die...
Your body crumbles into a pile of gold.

#......####.....#...
#......'.##.....#...
#......#.##.....#)..
########.##.........
#####.##....#####
#.....##....#
###.########## #.o.#
#@### #J# #.# #.#
#.# #.# #.# #.# #..


You could see an orc knight and a large slime creature.

Vanquished Creatures
  Gastronok (D:8)
  Kirke (D:12)
  Fannar (D:11)
  Harold (D:11)
  Erolcha (D:13)
  Erica (D:8)
  3 centaur warriors (D:13)
  A death knight (D:12)
  A tengu warrior (D:13)
  Urug (D:10)
  The ghost of Bybbax the Archer, a novice CeHu of Okawaru (D:7)
  A skeletal warrior (D:12)
  7 hill giants
  2 ugly things
  An elephant (D:10)
  Psyche (D:8)
  Joseph (D:8)
  A gargoyle (D:13)
  A yaktaur (D:13)
  3 kobold demonologists
  The ghost of luab the Thaumaturge, a novice DEWz of Zin (D:4)
  2 hornets
  5 trolls
  2 two-headed ogres
  5 slime creatures (D:13)
  2 hippogriffs
  4 wraiths
  A spriggan (D:7)
  A shadow (D:11)
  A vampire (D:11)
  10 yaks
  A wyvern (D:11)
  A basilisk (D:13)
  2 steam dragons (D:5)
  2 hungry ghosts
  6 hogs (D:12)
  4 vampire mosquitoes (D:12)
  A soldier ant (D:13)
  Purgy (Sewer)
  6 orc warriors
  2 ice beasts
  3 sky beasts
  A phantom (D:12)
  4 necrophages
  2 black bears (D:9)
  5 ogres
  7 centaurs
  A crocodile (D:12)
  3 big kobolds
  11 bullfrogs
  2 gnoll sergeants
  A wyvern skeleton (D:11)
  A wyvern zombie (D:12)
  A water moccasin zombie (D:9)
  10 killer bees
  3 wights (D:6)
  6 howler monkeys
  3 bullfrog zombies
  13 crimson imps
  2 quasits
  9 hounds
  3 jellies
  A bullfrog skeleton (D:9)
  2 centaur zombies (D:8)
  15 orc priests
  4 centaur skeletons
  5 iguanas
  13 worker ants
  15 orc wizards
  6 ogre zombies (D:12)
  3 hound zombies (D:6)
  3 hound skeletons
  A howler monkey zombie (D:10)
  2 worker ant zombies
  7 gnolls
  11 adders
  3 shadow imps
  A white imp (D:12)
  2 oozes
  An adder zombie (D:6)
  5 worms
  7 leopard geckos
  53 orcs
  2 ball pythons
  7 bats
  13 giant cockroaches
  12 goblins
  9 hobgoblins
  11 jackals
  20 kobolds
  9 quokkas
  A ball python skeleton (D:4)
  10 frilled lizards
  4 goblin zombies (D:12)
  3 hobgoblin zombies (D:12)
  A leopard gecko zombie (D:6)
  12 orc zombies (D:12)
  5 rats
  2 bushes (D:6)
  A fungus (D:10)
  3 plants (D:6)
467 creatures vanquished.

Vanquished Creatures (others)
  A crocodile (D:8)
  An orc wizard (D:8)
  An ooze (D:1)
  A hobgoblin (D:1)
  5 fungi
  4 plants (D:6)
13 creatures vanquished.

Grand Total: 480 creatures vanquished

Notes
Turn   | Place    | Note
-------+----------+-------------------------------------------
     0 | D:1      | Jerry the Hill Orc Fighter began the quest for the Orb.
     0 | D:1      | Reached XP level 1. HP: 19/19 MP: 1/1
   246 | D:1      | Reached skill level 3 in Axes
   507 | D:1      | Reached XP level 2. HP: 24/26 MP: 2/2
   837 | D:2      | Reached XP level 3. HP: 33/33 MP: 3/3
   886 | D:2      | Reached skill level 4 in Axes
   950 | D:2      | Reached skill level 1 in Dodging
   971 | D:2      | Reached XP level 4. HP: 40/40 MP: 4/4
  1829 | D:3      | Reached XP level 5. HP: 33/46 MP: 5/5
  2007 | D:3      | Reached skill level 5 in Axes
  2225 | D:3      | Reached XP level 6. HP: 26/53 MP: 6/6
  3089 | D:4      | Found a glowing drain.
  3094 | Sewer    | Entered a sewer
  3102 | Sewer    | Reached skill level 6 in Axes
  3173 | Sewer    | Noticed Purgy
  3189 | Sewer    | Killed Purgy
  3189 | Sewer    | Reached skill level 5 in Fighting
  3189 | Sewer    | Reached XP level 7. HP: 45/61 MP: 7/7
  3446 | D:4      | Noticed luab's ghost (novice DEWz)
  3452 | D:4      | Found a shadowy altar of Dithmenos.
  3480 | D:4      | Killed luab's ghost
  3480 | D:4      | Reached skill level 7 in Axes
  3480 | D:4      | Reached skill level 5 in Armour
  3514 | D:4      | Found a glowing golden altar of the Shining One.
  3800 | D:5      | Entered Level 5 of the Dungeon
  3821 | D:5      | Reached XP level 8. HP: 49/70 MP: 8/8
  3938 | D:5      | Noticed a troll
  3946 | D:5      | Killed a troll
  3946 | D:5      | Reached skill level 8 in Axes
  4491 | D:5      | Reached skill level 9 in Axes
  4767 | D:6      | Reached XP level 9. HP: 74/79 MP: 9/9
  4768 | D:6      | Found a staircase to the Ecumenical Temple.
  4973 | D:6      | Reached skill level 10 in Axes
  5087 | Temple   | Entered the Ecumenical Temple
  5213 | Temple   | Became a worshipper of Gozag Ym Sagoz the Greedy
  5643 | D:6      | Found a blossoming altar of Fedhas.
  5828 | D:7      | Noticed Bybbax's ghost (novice CeHu)
  6038 | D:7      | Found Puept's Armour Emporium.
  6113 | D:7      | Killed Bybbax's ghost
  6113 | D:7      | Reached skill level 11 in Axes
  6549 | D:7      | Reached XP level 10. HP: 84/89 MP: 10/10
  6703 | D:7      | Paralysed by a hornet for 1 turns
  7113 | D:7      | Reached skill level 5 in Dodging
  7642 | D:7      | Gained mutation: Your movements are slightly less encumbered by armour. (ER -2) [potion of mutation]
  7642 | D:7      | Gained mutation: Your body sometimes deteriorates upon taking damage. [potion of mutation]
  7642 | D:7      | Gained mutation: Your spells are a little easier to cast, but a little less powerful. [potion of mutation]
  7749 | D:8      | Noticed Erica
  7777 | D:8      | Reached skill level 12 in Axes
  7808 | D:8      | Killed Erica
  7892 | D:8      | Found a huge runed gate.
  7892 | D:8      | Found a huge runed gate.
  7892 | D:8      | Noticed a death yak
  7893 | D:8      | Noticed a death yak
  7893 | D:8      | Found a huge runed gate.
  7894 | D:8      | Found a huge runed gate.
  7935 | D:8      | Noticed Psyche
  7947 | D:8      | Killed Psyche
  8073 | D:8      | Noticed Gastronok
  8103 | D:8      | Killed Gastronok
  8103 | D:8      | Reached skill level 13 in Axes
  8103 | D:8      | Reached XP level 11. HP: 31/99 MP: 11/11
  8574 | D:8      | Reached skill level 10 in Fighting
  8648 | D:8      | Found a sparkling altar of Nemelex Xobeh.
  8766 | D:8      | Noticed Joseph
  8781 | D:8      | Killed Joseph
  8905 | D:8      | Got a fine war axe
  8906 | D:8      | Identified the cursed +2 war axe of Amorality {chop, Str+4 Dex+2} (You found it on level 8 of the Dungeon)
  9237 | D:9      | Found a snail-covered altar of Cheibriados.
  9499 | D:9      | Found an ancient bone altar of Kikubaaqudgha.
  9728 | D:9      | Found Zin's Purification Station.
  9731 | D:9      | Found a glowing silver altar of Zin.
  9806 | D:9      | Reached skill level 14 in Axes
  9892 | D:9      | Noticed a hill giant
  9904 | D:9      | Killed a hill giant
 10084 | D:10     | Entered Level 10 of the Dungeon
 10091 | D:10     | Noticed a hill giant
 10104 | D:10     | Killed a hill giant
 10710 | D:10     | Noticed Urug
 10723 | D:10     | Killed Urug
 10870 | D:10     | Found a staircase to the Lair.
 11328 | D:10     | Noticed a hill giant
 11336 | D:10     | Killed a hill giant
 11336 | D:10     | Reached skill level 15 in Axes
 11336 | D:10     | Reached skill level 10 in Armour
 11336 | D:10     | Reached XP level 12. HP: 62/108 MP: 12/12
 12119 | D:11     | Noticed Harold
 12132 | D:11     | Killed Harold
 12388 | D:11     | Noticed Fannar
 12423 | D:11     | Killed Fannar
 12952 | D:11     | Reached skill level 16 in Axes
 12973 | D:11     | Bought a scroll labeled ONTAEH DOEDEC for 39 gold pieces
 13241 | D:12     | Found a stormy altar of Qazlal.
 13274 | D:12     | Noticed Kirke
 13298 | D:12     | Killed Kirke
 13452 | D:12     | Noticed a death knight
 13455 | D:12     | Reached XP level 13. HP: 104/118 MP: 13/13
 14466 | D:12     | Found a staircase to the Orcish Mines.
 14916 | D:12     | Reached skill level 17 in Axes
 15482 | D:13     | Noticed Erolcha
 15491 | D:13     | Killed Erolcha
 16815 | D:13     | Mangled by an orc knight

Skill      XL: |  1  2  3  4  5  6  7  8  9 10 11 12 13 |
---------------+----------------------------------------+-----
Axes           | 3 4 5 6 7 9 11 13 15 16 17 | 17.7
Fighting       | 4 5 7 8 9 10 12 | 12.7
Dodging        | 1 2 3 4 6 7 8 |  8.7
Armour         | 4 5 6 7 9 10 11 | 11.7
Shields        | |  3.2

Action                   |  1- 3 |  4- 6 |  7- 9 | 10-12 | 13-15 || total
-------------------------+-------+-------+-------+-------+-------++-------
Melee: War axe           |    58 |   224 |       |   542 |   388 ||  1212
       Hand axe          |       |    35 |   428 |   227 |       ||   690
Invok: Call Merchant     |       |       |       |     2 |       ||     2
  Use: Potion            |       |     1 |     1 |     1 |     3 ||     6
       Scroll            |       |       |    20 |     8 |     2 ||    30
 Stab: Distracted        |       |       |       |     5 |     4 ||     9
  Eat: Chunk             |       |     8 |    16 |       |       ||    24
       Pizza             |       |       |       |     3 |       ||     3
       Royal jelly       |       |       |       |     2 |       ||     2
       Beef jerky        |       |       |       |     1 |     1 ||     2
       Bread ration      |       |       |       |     3 |     3 ||     6
Armor: Scale mail        |    44 |    76 |       |       |       ||   120
       Chain mail        |       |   134 |   180 |   284 |   119 ||   717
Dodge: Dodged            |    38 |   150 |   134 |   332 |   140 ||   794
